 Dungeon Crawl Stone Soup version 0.27-a0-828-g8289197e94 (webtiles) character file.

Game seed: 7431760150108111965

100 polve the Changer (level 4, -2/35 HPs)
             Began as a Draconian Transmuter on Mar 30, 2021.
             Killed by nerve-wracking pain
             ... invoked by an orc priest
              (12 damage)
             ... on level 3 of the Dungeon.
             The game lasted 00:03:30 (3279 turns).

polve the Changer (Draconian Transmuter)            Turns: 3279, Time: 00:03:30

Health: -2/35      AC:  5    Str: 13    XL:     4   Next: 46%
Magic:  5/7        EV: 12    Int: 14    God:
Gold:   776        SH:  0    Dex: 11    Spells: 4/7 levels left

rFire    . . .     SeeInvis .     - Unarmed
rCold    . . .     Faith    .   (no shield)
rNeg     . . .     Spirit   .   (armour unavailable)
rPois    .         Reflect  .   (helmet currently unavailable)
rElec    .         Harm     .   (no cloak)
rCorr    .         Rampage  .   (no gloves)
Will     .....                  (boots currently unavailable)
Stlth    +.........             (no amulet)
HPRegen  0.11/turn              (no ring)
MPRegen  0.10/turn              (no ring)

@: appendages, wereblooded
A: horns 2, talons 2, AC +5, unfitting armour, cold-blooded
a: End Transformation


You were on level 3 of the Dungeon.
You had temporarily grown beastly horns and talons.
You visited 1 branch of the dungeon, and saw 3 of its levels.

You collected 776 gold pieces.

Inventory:

Armour
 a - a +0 pair of gloves
Scrolls
 b - a scroll of amnesia
 c - a scroll of summoning {unknown}
 d - a scroll of blinking
Potions
 e - a potion of heal wounds {unknown}


   Skills:
 - Level 1.1 Fighting
 - Level 1.7 Dodging
 - Level 3.0 Unarmed Combat
 - Level 2.0 Spellcasting
 + Level 4.8 Transmutations


You had 4 spell levels left.
You knew the following spells:

 Your Spells              Type           Power      Damage    Failure   Level
a - Beastly Appendage     Tmut           28%        N/A       3%          1
z - Wereblood             Tmut           14%        N/A       4%          2

Your spell library contained the following spells:

 Spells                   Type           Power      Damage    Failure   Level
 Spider Form              Tmut/Pois      4%         N/A       26%         3
 Confusing Touch          Hex            1%         N/A       56%         3
 Gell's Gravitas          Tloc           0%         N/A       56%         3
 Ice Form                 Ice/Tmut       8%         N/A       65%         4
 Petrify                  Tmut/Erth      8%         N/A       65%         4
 Hydra Form               Tmut           7%         N/A       67%         5
 Yara's Violent Unravell  Hex/Tmut       4%         3d4       94%         5
 Metabolic Englaciation   Hex/Ice        0%         N/A       100%        5


Dungeon Overview and Level Annotations

Branches:
Dungeon (3/15)

Altars:
Dithmenos


Innate Abilities, Weirdness & Mutations

You have temporarily grown beastly horns and talons.
Your plain brown scales are hard. (AC +5)
You cannot fit into any form of body armour.
You are cold-blooded and may be slowed by cold attacks.


Message History

The orc moves out of view.
You grow a pair of large bovine horns.
Your feet morph into talons.
You swing at nothing.
You swing at nothing.
You hit the orc.
The orc is moderately wounded.
The orc hits you with a +0 falchion.
Casting: Beastly Appendage (safe; 3% risk of failure)
Confirm with . or Enter, or press ? or * to list all spells.
Your blood is infused with primal strength.
The orc hits you but does no damage.
You hit the orc. Your kick misses the orc.
The orc is severely wounded.
The orc closely misses you.
You hit the orc but do no damage. You headbutt the orc.
You kill the orc!
The bat misses you.
You hit the orc.
Your tail-slap misses the orc.
The orc is moderately wounded.
An orc priest comes into view.
It is wielding a +2 flail of protection.
The orc hits you with a +2 hand axe of electrocution.
You are electrocuted!
* * * LOW HITPOINT WARNING * * *
You barely miss the orc.
The orc priest shouts!
You claw the orc.
The orc is heavily wounded.
You hear an angry hiss.
You hear a shout! x2
The orc misses you.
You hit the orc.
You kill the orc!
The bat closely misses you.
You barely miss the bat. Your kick misses the bat.
You howl as the wereblood boils in your veins!
The bat hits you but does no damage.
You hit the bat.
You kill the bat!
The orc priest calls down the wrath of Beogh upon you.
Pain shoots through your body!
You die... #.. #.# #.# #.# ##.## ##...#### #.......# ##......# #..###@# #.## #)# #.# #.oo.obo.

#.# #.'....o.
#.# ###......
#.# ......
#.######......
#......##.....
#######.##....


You could see an orc priest.

Vanquished Creatures
  2 adders (D:2)
  2 gnolls
  An adder skeleton (D:2)
  A worm (D:2)
  2 dart slugs
  2 orcs (D:3)
  4 bats
  2 endoplasms
  7 goblins
  3 hobgoblins
  4 jackals
  5 kobolds
  2 quokkas (D:1)
  5 ball pythons
  4 frilled lizards
  7 rats
53 creatures vanquished.

Notes
Turn   | Place    | Note
-------+----------+-------------------------------------------
     0 | D:1      | polve the Draconian Transmuter began the quest for the Orb.
     0 | D:1      | Reached XP level 1. HP: 16/16 MP: 3/3
   461 | D:1      | Reached skill level 3 in Transmutations
   461 | D:1      | Reached XP level 2. HP: 12/23 MP: 3/5
   835 | D:1      | Learned a level 2 spell: Wereblood
   948 | D:1      | Reached XP level 3. HP: 27/28 MP: 4/6
  1586 | D:2      | Reached skill level 4 in Transmutations
  2016 | D:2      | Reached XP level 4. HP: 19/35 MP: 3/7
  2207 | D:2      | Identified a scroll of acquirement
  2209 | D:2      | Acquired 676 gold pieces
  2487 | D:3      | Found a shadowy altar of Dithmenos.
  2717 | D:3      | HP: 1/35 [gnoll/+0 spear (2)]
  3279 | D:3      | Killed from afar by an orc priest

Illustrated notes

Levels and vault maps discovered:
D:1:      lightli_arrival_chessboard, layout_loops_ring
D:2:      cheibrodos_old_hovel, layout_basic, minmay_randomly_rotated_circles
D:3:      kennysheep_big_flooded_room, layout_loops_corners,
          lemuel_coloured_pillars_altar, grunt_dithmenos_smoke_and_mirrors

Skill      XL: |  1  2  3 |
---------------+----------+-----
Transmutations | 3 4 |  4.8
Fighting       | |  1.1
Dodging        | |  1.7
Unarmed Combat | |  3.0
Spellcasting   | |  2.0

Action                   |  1- 3 |  4- 6 || total
-------------------------+-------+-------++-------
Melee: Unarmed           |   120 |    46 ||   166
       Kick              |    13 |     7 ||    20
       Headbutt          |    14 |     4 ||    18
       Tailslap          |    11 |     3 ||    14
 Cast: Beastly Appendage |    19 |     4 ||    23
       Wereblood         |     1 |     2 ||     3
  Use: Potion            |     2 |     1 ||     3
       Scroll            |       |     4 ||     4
Armor: Skin              |    21 |    19 ||    40
Dodge: Dodged            |    58 |    33 ||    91

Table legend: (Time is in decaauts)
 A = Elapsed time spent in this place.
 B = Non-inter-level travel time spent in this place.
 C = Inter-level travel time spent in this place.
 D = Time resting spent in this place.
 E = Time spent auto-exploring this place.
 F = Levels seen in this place.
 G = Mean time per level.
                   A        B        C        D        E       F      G
               +--------+--------+--------+--------+--------+-----+--------+
         Total |   3236 |   3168 |     68 |      0 |   2792 |   3 | 1078.7 |
       Dungeon |   3236 |   3168 |     68 |      0 |   2792 |   3 | 1078.7 |
               +--------+--------+--------+--------+--------+-----+--------+

Top non-repeatable levels by time:
     D:2: 1404 daAuts
     D:1: 1336 daAuts
     D:3: 495 daAuts
